cohdb
Replays
Latest Replays
All Replays
Popular Replays
Top Player Replays
Match Explorer
How It Works
Community
CoH3 Stats
Reddit
Sign in to upload your games and track your stats! →
Sign in with Steam
Match 45225744
Unlisted
Match 45225744
Overview
Messages
Build Orders
End
Construct Barracks
Riflemen Squad
M1 Mortar Team
Riflemen Squad
Infantry Support Center
Selects Advanced Infantry Battlegroup
Selects Advanced Infantry Battlegroup
Riflemen Squad
M1918 Browning Automatic Rifles
Selects Convert to Ranger Squad
Selects Frontline Medical Station
Grenade Package
Frontline Medical Station
Construct Weapon Support Center
Bazooka Squad
Selects Artillery Observers
Advanced Logistics
Improved M9 Bazooka Rockets
Engineer Squad
Selects M2A1 105mm Howitzer Emplacement
Riflemen Squad
Bazooka Squad
Munitions Surplus
Selects Infantry Assault
Infantry Assault
Selects Free Fire Drills
Convert to Ranger Squad
Infantry Assault
Convert to Ranger Squad
BusanStyle
tony6248791
DirtyDan
R.U.C
💧||CheckO||💧
Aslansia
0
0
Comments
sign in to comment!
No comments posted yet!